 Dungeon Crawl Stone Soup version 0.30.1-3-gfc49f6343a (webtiles) character file.

Game seed: 5743874760661306013

32855 Revguard the Warmonger (level 13, -2/99 (101) HPs)
             Began as a Demonspawn Fighter on July 28, 2023.
             Was a High Priest of Okawaru.
             Slain by a +2 spectral lajatang (13 damage)
             ... created by Agnes
             ... on level 15 of the Dungeon.
             The game lasted 00:47:29 (16784 turns).

Revguard the Warmonger (Demonspawn Fighter)        Turns: 16784, Time: 00:47:29

HP:   -2/99 (101)   AC: 23    Str: 19    XL:     13   Next: 33%
MP:   0/21          EV: 17    Int: 11    God:    Okawaru [*****.]
Gold: 529           SH: 18    Dex: 16    Spells: 12/12 levels left

rFire   + + .        a - +0 war axe (protect)
rCold   . . .        L - +0 tower shield
rNeg    . . .        k - +0 chain mail of the Volcano {rF++}
rPois   .            u - +2 hat
rElec   .            C - +0 cloak
rCorr   .            r - +0 pair of gloves of Truth {Dex+2}
SInv    .            t - +0 pair of boots
Will    .....        F - amulet of guardian spirit Stlth
                     v - +4 ring of protection
HPRegen 0.36/turn    y - +4 ring of slaying
MPRegen 0.17/turn

%: guardian spirit
@: mighty, agile, heroic, finesse-ful, lightly drained
A: claws 2, ignite blood 2, powered by pain 2
a: Renounce Religion, Heroism, Finesse, Duel


You were on level 15 of the Dungeon.
You worshipped Okawaru.
Okawaru was extremely pleased with you.
You visited 2 branches of the dungeon, and saw 16 of its levels.
You also visited: Sewer.

You collected 969 gold pieces.
You spent 440 gold pieces at shops.

Inventory:

Hand Weapons
 a - a +0 war axe of protection (weapon)
 K - a +2 scimitar of flaming
Missiles
 E - 3 throwing nets (quivered)
Armour
 c - a +0 buckler
 k - the +0 chain mail of the Volcano (worn) {rF++}
   (You found it on level 4 of the Dungeon)

   rF:        It greatly protects you from fire.
 r - the +0 pair of gloves of Truth (worn) {Dex+2}
   (Okawaru gifted it to you on level 11 of the Dungeon)

   Dex:       It affects your dexterity (+2).
 t - a +0 pair of boots (worn)
 u - a +2 hat (worn)
 C - a +0 cloak (worn)
 D - a +0 plate armour
 H - the +0 chain mail of Ebiejic {rPois SInv}
   (Okawaru gifted it to you on level 14 of the Dungeon)

   rPois:     It protects you from poison.
   SInv:      It lets you see invisible.
 L - a +0 tower shield (worn)
Jewellery
 g - a ring of ice
 v - a +4 ring of protection (left hand)
 y - a +4 ring of slaying (right hand)
 F - an amulet of guardian spirit (around neck)
Wands
 j - a wand of charming (24)
 G - a wand of flame (12)
 I - a wand of digging (10)
Scrolls
 f - 4 scrolls of blinking
 h - 10 scrolls of teleportation
 i - 6 scrolls of fog
 p - 3 scrolls of poison
 w - 2 scrolls of identify
 x - 2 scrolls of magic mapping
 z - 2 scrolls of torment
 A - 2 scrolls of amnesia
 J - 3 scrolls of enchant weapon
Potions
 b - 2 potions of mutation
 m - a potion of cancellation
 n - 2 potions of flight
 o - 3 potions of brilliance
 s - 15 potions of curing
 B - a potion of heal wounds
Miscellaneous
 d - a phial of floods (inert)


   Skills:
 + Level 9.4(14.4) Fighting
 + Level 8.3(13.3) Axes
 + Level 8.6(13.6) Armour
 + Level 8.0(13.0) Dodging
 + Level 8.6(13.6) Shields
 + Level 11.5 Invocations
 + Level 8.8 Evocations


You had 12 spell levels left.
You didn't know any spells.
Your spell library contained the following spells:

 Spells                   Type           Power      Damage    Failure   Level
 Apportation              Tloc           0%         N/A       99%         1
 Magic Dart               Conj           0%         1d3       99%         1
 Necrotise                Necr           0%         1d4       99%         1
 Ensorcelled Hibernation  Hex/Ice        0%         N/A       100%        2
 Gell's Gravitas          Tloc           0%         N/A       100%        3
 Hailstorm                Conj/Ice       0%         3d3       100%        3
 Mephitic Cloud           Conj/Pois/Air  0%         N/A       100%        3
 Spider Form              Tmut/Pois      0%         N/A       100%        3
 Teleport Other           Tloc           0%         N/A       100%        3
 Vhi's Electric Charge    Tloc/Air       0%         N/A       100%        3
 Anguish                  Hex/Necr       0%         N/A       100%        4
 Ice Form                 Ice/Tmut       0%         N/A       100%        4
 Passage of Golubria      Tloc           0%         N/A       100%        4
 Petrify                  Tmut/Erth      0%         N/A       100%        4
 Alistair's Intoxication  Tmut/Pois      0%         N/A       100%        5
 Borgnjor's Vile Clutch   Necr/Erth      0%         N/A       100%        5
 Metabolic Englaciation   Hex/Ice        0%         N/A       100%        5
 Yara's Violent Unravell  Hex/Tmut       0%         3d3       100%        5
 Dispersal                Tloc           0%         N/A       100%        6
 Eringya's Noxious Bog    Tmut/Pois      0%         N/A       100%        6
 Statue Form              Tmut/Erth      0%         N/A       100%        6
 Summon Small Mammal      Summ           Unusable   N/A       N/A         1
 Call Imp                 Summ           Unusable   N/A       N/A         2
 Tukima's Dance           Hex            Unusable   N/A       N/A         3
 Simulacrum               Ice/Necr       Unusable   N/A       N/A         6
 Summon Cactus Giant      Summ           Unusable   N/A       N/A         6
 Summon Horrible Things   Summ           Unusable   N/A       N/A         8

Dungeon Overview and Level Annotations

Branches:
Dungeon (15/15)            Temple (1/1) D:5            Lair (0/5) D:9
    Orc (0/2) D:11         Vaults (0/5) D:13          Sewer (visited)
 Depths: D:15

Altars:
Ashenzari
Cheibriados
Dithmenos
Fedhas
Gozag
Hepliaklqana
Kikubaaqudgha
Makhleb
Nemelex Xobeh
Okawaru
Qazlal
Ru
Sif Muna
Trog
Uskayaw
Vehumet
Wu Jian
Xom
Yredelemnul

Shops:
D:7 !   D:8 !

Annotations:
D:15 Agnes


Innate Abilities, Weirdness & Mutations

You have very sharp fingernails.
Your demonic aura often causes spilled blood to erupt in flames.
You sometimes gain power by taking damage.


Message History

You completely miss Agnes.
Agnes is moderately wounded.
You closely miss the +2 spectral lajatang.
The +2 spectral lajatang is engulfed in blazing flames.
Agnes shares her spectral weapon's damage!
Agnes is engulfed in blazing flames.
Agnes hits you with a +2 spectral lajatang!!
You block the +2 spectral lajatang's attack.
The +2 spectral lajatang is engulfed in blazing flames. x2
Agnes is engulfed in blazing flames.
You block Agnes's attack. The +2 spectral lajatang hits you!
You gain the combat prowess of a mighty hero.
The +2 spectral lajatang is engulfed in blazing flames.
Agnes shares her spectral weapon's damage!
The +2 spectral lajatang is engulfed in blazing flames.
Agnes shares her spectral weapon's damage!
Agnes is engulfed in blazing flames.
You block Agnes's attack.
You block the +2 spectral lajatang's attack.
The +2 spectral lajatang is engulfed in blazing flames.
Agnes shares her spectral weapon's damage!
Agnes is engulfed in blazing flames.
Agnes hits you with a +2 spectral lajatang!!
You focus on the pain.
You feel very mighty all of a sudden.
The +2 spectral lajatang hits you but does no damage.
You can now deal lightning-fast blows.
The +2 spectral lajatang is engulfed in blazing flames.
Agnes shares her spectral weapon's damage!
The +2 spectral lajatang is engulfed in blazing flames.
Agnes is engulfed in blazing flames.
Agnes hits you with a +2 spectral lajatang!!
* * * LOW HITPOINT WARNING * * *
You focus on the pain.
You feel agile all of a sudden.
The +2 spectral lajatang hits you but does no damage.
The +2 spectral lajatang is engulfed in blazing flames.
Agnes shares her spectral weapon's damage!
Agnes is engulfed in blazing flames.
You block Agnes's attack. The +2 spectral lajatang hits you!
You die...

... #.........##'##
...######....#...#
.............#...#
+# ####...○....#...#
... #......°.#...#
.... ###.○._.°....#
..... #....○.°.+...#
......#°§...°..#)..#
......i@..#....#...#
.....○#(..######...#
..... #....# #...#
.... #....# #...#
... #...## #...# ..
#...######...# ^
#...##.......#
#....#.<.....#
#.......#


You could see Agnes (strong) and a +2 spectral lajatang.

Vanquished Creatures
  Nessos (D:12)
  Snorg (D:14)
  Harold (D:9)
  3 vault guards (D:13)
  Erica (D:9)
  2 centaur warriors (D:13)
  2 two-headed ogres
  3 hydras
  3 boulder beetles
  3 hell knights
  A necromancer (D:14)
  2 deep elf pyromancers
  9 ugly things (D:14)
  6 cyclopes
  A kobold demonologist (D:11)
  2 komodo dragons (D:11)
  2 trolls
  3 meliai (D:15)
  A hornet (D:10)
  Grinder (D:5)
  A centaur simulacrum (D:12)
  4 shadows
  14 humans
  4 wraiths
  3 yaks (D:11)
  A basilisk (D:13)
  12 vampire mosquitoes
  2 acid dragons
  2 water moccasins (D:9)
  4 hell hounds
  2 orc warriors (D:10)
  Pargi (Sewer)
  4 black bears (D:9)
  An ice beast (D:6)
  4 centaurs
  4 phantoms
  3 kobold brigands
  6 bullfrogs
  Blork the orc (D:4)
  7 scorpions
  2 gnoll sergeants
  11 wights
  2 troll zombies (D:11)
  40 killer bees
  2 howler monkeys
  2 jellies
  2 orc priests
  A gnoll bouda (D:7)
  6 hounds
  3 sleepcaps
  4 iguanas
  7 orc wizards
  4 ogre zombies (D:11)
  17 gnolls
  7 adders
  3 white imps
  An ufetubus (D:7)
  A worm (D:2)
  A dart slug (D:4)
  33 orcs
  7 bats
  3 endoplasms
  13 giant cockroaches
  10 goblins
  5 hobgoblins
  3 jackals (D:3)
  4 quokkas
  8 ball pythons
  3 frilled lizards
  2 goblin zombies (D:11)
  A hobgoblin skeleton (D:11)
  22 kobolds
  2 orc skeletons (D:11)
  14 orc zombies (D:11)
  4 rats
378 creatures vanquished.

Vanquished Creatures (others)
  A human (D:13)
  A quokka (D:5)
2 creatures vanquished.

Grand Total: 380 creatures vanquished

Notes
Turn   | Place    | Note
-------+----------+-------------------------------------------
     0 | D:1      | Revguard the Demonspawn Fighter began the quest for the
                  | Orb.
     0 | D:1      | Reached XP level 1. HP: 18/18 MP: 1/1
   278 | D:1      | Gained mutation: Your demonic aura sometimes causes spilled
                  | blood to erupt in flames. [demonic ancestry]
   278 | D:1      | Reached XP level 2. HP: 24/24 MP: 2/2
   367 | D:1      | Reached skill level 1 in Invocations
   881 | D:2      | Reached skill level 1 in Evocations
   881 | D:2      | Reached XP level 3. HP: 27/29 MP: 3/3
  1200 | D:2      | Reached skill level 1 in Dodging
  1278 | D:2      | Found a faded altar of an unknown god.
  1699 | D:3      | Gained mutation: You have sharp fingernails. [demonic
                  | ancestry]
  1699 | D:3      | Reached XP level 4. HP: 35/35 MP: 5/5
  2273 | D:3      | Reached skill level 2 in Invocations
  2334 | D:3      | Reached XP level 5. HP: 15/41 MP: 6/6
  2546 | D:3      | Found a shimmering blue altar of Sif Muna.
  2758 | D:4      | Identified the +0 chain mail of the Volcano {rF++}
  2985 | D:4      | Noticed Blork the orc
  2992 | D:4      | Killed Blork the orc
  2993 | D:4      | Reached XP level 6. HP: 44/48 MP: 8/8
  2994 | D:4      | Reached skill level 3 in Invocations
  3299 | D:5      | Entered Level 5 of the Dungeon
  3359 | D:5      | Gained mutation: You sometimes gain a little power by
                  | taking damage. [demonic ancestry]
  3359 | D:5      | Reached XP level 7. HP: 45/53 MP: 9/9
  3368 | D:5      | Found a glowing drain.
  3405 | Sewer    | Entered a sewer
  3465 | Sewer    | Noticed Pargi
  3472 | Sewer    | Killed Pargi
  3740 | D:5      | Noticed Grinder
  3751 | D:5      | Paralysed by Grinder for 4 turns
  3768 | D:5      | Killed Grinder
  3769 | D:5      | Reached skill level 4 in Invocations
  3777 | D:5      | Found a staircase to the Ecumenical Temple.
  3787 | Temple   | Entered the Ecumenical Temple
  3837 | Temple   | Became a worshipper of Warmaster Okawaru
  3892 | D:5      | Reached XP level 8. HP: 37/61 MP: 11/11
  4089 | D:5      | Found an ornate altar of the Wu Jian Council.
  4089 | D:5      | Found a stormy altar of Qazlal.
  4154 | D:5      | Found a sparkling altar of Nemelex Xobeh.
  4469 | D:6      | Reached * piety under Okawaru
  4470 | D:6      | Reached skill level 5 in Invocations
  4775 | D:6      | Reached skill level 5 in Fighting
  4777 | D:6      | Found a basalt altar of Yredelemnul.
  5449 | D:6      | Reached XP level 9. HP: 56/68 MP: 13/13
  5918 | D:7      | Found a bloodstained altar of Trog.
  6058 | D:7      | Reached skill level 5 in Armour
  6072 | D:7      | Reached skill level 5 in Shields
  6201 | D:7      | Reached skill level 6 in Invocations
  6213 | D:7      | Reached ** piety under Okawaru
  6232 | D:7      | Reached skill level 5 in Evocations
  6382 | D:7      | Reached skill level 5 in Axes
  6436 | D:7      | Found Juamoc's Distillery.
  6478 | D:7      | Bought a potion of curing for 33 gold pieces
  6478 | D:7      | Bought a potion of heal wounds for 55 gold pieces
  6478 | D:7      | Bought a potion of curing for 33 gold pieces
  6478 | D:7      | Bought a potion of curing for 33 gold pieces
  7380 | D:8      | Reached skill level 7 in Invocations
  7384 | D:8      | Gained mutation: You sometimes gain power by taking damage.
                  | [demonic ancestry]
  7384 | D:8      | Reached XP level 10. HP: 63/76 MP: 15/15
  8034 | D:8      | Found Soaxoyf's Distillery.
  8040 | D:8      | Bought a potion of might for 52 gold pieces
  8040 | D:8      | Bought a potion of heal wounds for 65 gold pieces
  8040 | D:8      | Bought a potion of heal wounds for 65 gold pieces
  8040 | D:8      | Bought a potion of invisibility for 104 gold pieces
  8937 | D:9      | Reached skill level 5 in Dodging
  8939 | D:9      | Reached *** piety under Okawaru
  9024 | D:9      | Found a staircase to the Lair.
  9039 | D:9      | Noticed Harold
  9051 | D:9      | Killed Harold
  9051 | D:9      | Reached **** piety under Okawaru
  9052 | D:9      | Reached skill level 8 in Invocations
  9473 | D:9      | Noticed Erica
  9482 | D:9      | Killed Erica
  9536 | D:9      | Gained mutation: Your demonic aura often causes spilled
                  | blood to erupt in flames. [demonic ancestry]
  9536 | D:9      | Reached XP level 11. HP: 84/84 MP: 17/17
  9673 | D:10     | Entered Level 10 of the Dungeon
 10020 | D:10     | Paralysed by a hornet for 2 turns
 10598 | D:11     | Reached ***** piety under Okawaru
 10674 | D:11     | Noticed a two-headed ogre
 10684 | D:11     | Killed a two-headed ogre
 10684 | D:11     | Identified the +0 pair of gloves of Truth {Dex+2} (Okawaru
                  | gifted it to you on level 11 of the Dungeon)
 10684 | D:11     | Received a gift from Okawaru
 11202 | D:11     | Found a staircase to the Orcish Mines.
 11452 | D:11     | Reached skill level 9 in Invocations
 11763 | D:11     | Identified the +1 robe of Egitel {rN+}
 12315 | D:12     | Noticed a two-headed ogre
 12324 | D:12     | Killed a two-headed ogre
 12639 | D:12     | Noticed Nessos
 12640 | D:12     | Noticed a deep elf pyromancer
 12662 | D:12     | Killed Nessos
 12678 | D:12     | Killed a deep elf pyromancer
 12850 | D:12     | Found a basalt altar of Yredelemnul.
 13381 | D:13     | Gained mutation: You have very sharp fingernails. [demonic
                  | ancestry]
 13381 | D:13     | Reached XP level 12. HP: 92/92 MP: 19/19
 13494 | D:13     | Noticed a five-headed hydra
 13502 | D:13     | Killed a two-headed hydra
 13589 | D:13     | Noticed a boulder beetle
 13705 | D:13     | Noticed a centaur warrior
 13709 | D:13     | Reached skill level 10 in Invocations
 13710 | D:13     | Killed a centaur warrior
 13808 | D:13     | Noticed a centaur warrior
 13815 | D:13     | Killed a centaur warrior
 14026 | D:13     | Noticed a vault guard
 14026 | D:13     | Noticed a vault guard
 14040 | D:13     | Killed a vault guard
 14049 | D:13     | Killed a vault guard
 14056 | D:13     | Noticed a vault guard
 14066 | D:13     | Killed a vault guard
 14077 | D:13     | Found a gate to the Vaults.
 14317 | D:14     | Noticed a boulder beetle
 14348 | D:14     | Identified the +0 chain mail of Ebiejic {rPois SInv}
                  | (Okawaru gifted it to you on level 14 of the Dungeon)
 14348 | D:14     | Received a gift from Okawaru
 14580 | D:14     | Killed a boulder beetle
 14650 | D:14     | Reached skill level 11 in Invocations
 14732 | D:14     | Noticed a boulder beetle
 14733 | D:14     | Noticed a six-headed hydra
 14742 | D:14     | Killed a four-headed hydra
 14767 | D:14     | Reached XP level 13. HP: 64/101 MP: 17/21
 14911 | D:14     | Noticed Snorg
 14919 | D:14     | Killed Snorg
 15201 | Arena    | Entered the Arena
 15862 | D:14     | Received a gift from Okawaru
 16227 | D:15     | Entered Level 15 of the Dungeon
 16278 | D:15     | Found a radiant altar of Vehumet.
 16409 | D:15     | Got Ekuaget's Guide on the Assistive Birds
 16780 | D:15     | Noticed Agnes
 16784 | D:15     | Slain by a +2 spectral lajatang

Illustrated notes

Levels and vault maps discovered:
D:1:      lightli_arrival_chessboard, layout_loops_ring
D:2:      layout_basic, shapermc_ecumenical_altar_hornbeckon
D:3:      layout_basic, mainiacjoe_overflow_six_doors_small,
          lemuel_blue_sif_altar, hangedman_decor_clover_reticule
D:4:      layout_gridville, minmay_misc_feat_columns, uniq_blork_the_orc
D:5:      layout_rooms, nemelex_spade_bored_becter,
          gammafunk_temple_overflow_elements, minmay_temple_entry_junction,
          gup_sewer_entry_glass, uniq_grinder
D:6:      layout_basic, lemuel_coloured_pillars_altar,
          nicolae_figureground_sparkle
D:7:      layout_layer_cave, mainiacjoe_overflow_brackets, enter_bailey_3,
          serial_shops, shop, minmay_ruffians
D:8:      layout_basic, serial_shops, shop
D:9:      layout_roguey, due_lair_maze_entry_diamond, uniq_erica, uniq_harold
D:10:     layout_loops_ring, small_statue_intersection, nicolae_two_hexagons
D:11:     layout_stronghold, zombieorc1_lemuel, hex_medium, eino_jars
D:12:     layout_basic, minmay_crystal_room, yredelemnul_altar_generic,
          uniq_nessos
D:13:     layout_gridville, ximxim_vaults_locker_room
D:14:     layout_roguey, minmay_rotating_lava, uniq_snorg
D:15:     grunt_enter_depths_snipers, layout_gridville, fiery_altar_vehumet,
          uniq_agnes
Temple:   hellmonk_temple_of_storms

Skill      XL: |  1  2  3  4  5  6  7  8  9 10 11 12 13 |
---------------+----------------------------------------+-----
Axes           | 2 3 4 5 6 7 8 |  8.3
Invocations    | 1 2 3 4 5 7 8 9 11 | 11.5
Evocations     | 1 2 3 4 5 6 7 8 |  8.8
Shields        | 3 4 5 6 7 8 |  8.6
Armour         | 3 4 5 6 7 8 |  8.6
Dodging        | 1 2 3 4 5 6 7 8 |  8.0
Fighting       | 4 5 6 7 8 9 |  9.4

Action                     |  1- 3 |  4- 6 |  7- 9 | 10-12 | 13-15 || total
---------------------------+-------+-------+-------+-------+-------++-------
  Melee: War axe           |   115 |   147 |   373 |   651 |   121 ||  1407
         Scimitar          |       |       |       |     5 |     8 ||    13
  Throw: Throwing net      |       |       |       |    10 |       ||    10
 Invoke: Heroism           |       |       |     3 |     8 |     3 ||    14
         Finesse           |       |       |       |     2 |     1 ||     3
         Duel              |       |       |       |       |     1 ||     1
  Evoke: Wand              |       |       |     1 |     7 |     8 ||    16
         Phial of floods   |       |       |       |     1 |     1 ||     2
    Use: Potion            |       |     8 |     2 |     7 |     7 ||    24
         Scroll            |       |     8 |     5 |     7 |     4 ||    24
   Stab: Invisible         |       |       |       |     2 |       ||     2
         Held in net/web   |       |       |       |     1 |       ||     1
 Armour: Scale mail        |    78 |    71 |       |       |       ||   149
         Chain mail        |       |    68 |   301 |   499 |    86 ||   954
  Dodge: Dodged            |    58 |    64 |   221 |   397 |    55 ||   795
  Block: Buckler           |    39 |    36 |   151 |   221 |       ||   447
         Tower shield      |       |       |       |   105 |   153 ||   258
